 Dungeon Crawl Stone Soup version 0.20.1-1-g8b1a95d66d (webtiles) character file.

292 Gomac the Covert (level 6, 0/30 HPs)
             Began as a Spriggan Assassin on Dec 7, 2017.
             Succumbed to a scorpion's poison
             ... on level 5 of the Dungeon.
             The game lasted 00:17:53 (4884 turns).

Gomac the Covert (Spriggan Assassin)                Turns: 4884, Time: 00:17:53

Health: 0/30       AC:  3    Str: 17    XL:     6   Next: 10%
Magic:  7/7        EV: 19    Int: 12    God:
Gold:   196        SH:  6    Dex: 22    Spells: 5/5 levels left

rFire    . . .     SeeInvis +   m - +3 dagger (speed)
rCold    . . .     Gourm    .   a - +0 buckler
rNeg     . . .     Faith    .   c - +0 robe
rPois    .         Spirit   .   (helmet restricted)
rElec    .         Reflect  .   d - +0 cloak
rCorr    .         Harm     .   (gloves unavailable)
MR       +....                  (boots unavailable)
Stlth    ++++......             (no amulet)
Regen    0.1/turn               k - +2 ring of dexterity
MPRegen  0.1/turn               o - +5 ring of strength

@: mighty, lethally poisoned (0 -> -10), flying, very quick
A: unfitting armour, hooves 1, see invisible, herbivore 3, speed 3, high mp 1,
slow metabolism 2, wild magic 1
a: no special abilities


You were on level 5 of the Dungeon.
You were completely stuffed.

You visited 1 branch of the dungeon, and saw 5 of its levels.

You collected 196 gold pieces.

Inventory:

Hand Weapons
 b - a +0 blowgun
 m - a +3 dagger of speed (weapon)
Missiles
 e - 48 poisoned needles
 f - 5 curare-tipped needles
Armour
 a - a +0 buckler (worn)
 c - a +0 robe (worn)
 d - a +0 cloak (worn)
Jewellery
 k - a +2 ring of dexterity (left hand)
 o - a +5 ring of strength (right hand)
Wands
 u - a wand of polymorph (11/24)
Scrolls
 j - 2 scrolls of amnesia
 p - a scroll of recharging
 q - 2 scrolls of remove curse
 s - 2 scrolls of teleportation
 y - a scroll of enchant armour {unknown}
Potions
 r - a potion of agility
 w - a potion of curing {unknown}
 z - a potion of haste {unknown}
Books
 l - a book of Conjurations

   Spells                             Type                      Level
   a - Magic Dart                     Conjuration                  1
   b - Searing Ray                    Conjuration                  2
   c - Dazzling Spray                 Conjuration/Hexes            3
   d - Fulminant Prism                Conjuration/Hexes            4
   e - Force Lance                    Conjuration/Translocation    4
   f - Iskenderun's Mystic Blast      Conjuration                  4
 t - a book of Changes

   Spells                             Type                      Level
   a - Beastly Appendage              Transmutation                1
   b - Sticks to Snakes               Transmutation                2
   c - Spider Form                    Transmutation/Poison         3
   d - Ice Form                       Ice/Transmutation            4
   e - Blade Hands                    Transmutation                5
Comestibles
 g - 3 bread rations
 i - 3 fruits
 n - 2 royal jellies


   Skills:
 + Level 2.1 Fighting
 + Level 4.1 Short Blades
 + Level 2.2 Throwing
 + Level 3.8 Dodging
 + Level 8.5 Stealth
 + Level 0.5 Shields


You had 5 spell levels left.
You didn't know any spells.

Dungeon Overview and Level Annotations

Branches:
Dungeon (5/15)
 Temple: D:4-7

Altars:
Gozag
The Shining One

Annotations:
D:3 Timinator's ghost, amateur DrFE


Innate Abilities, Weirdness & Mutations

You are very small and have problems with some larger weapons.
You are too small for most types of armour.
You have supernaturally acute eyesight. (SInv)
You are a herbivore.
You cover ground extremely quickly.
You need consume almost no food.
You have large cloven feet.
You have an increased reservoir of magic. (+10% MP)
Your spells are a little harder to cast, but a little more powerful.


Message History

* * * LOW HITPOINT WARNING * * *
You feel sick.
You hear the rusting of a very distant drain.
* * * LOW HITPOINT WARNING * * *
You feel sick.
* * * LOW HITPOINT WARNING * * *
You feel sick.
It was a potion of mutation.
You feel extremely strange.
You feel less in control of your magic.
Your feet thicken and deform.
You feel more energetic.
* * * LOW HITPOINT WARNING * * *
You feel sick.
It was a potion of flight.
You feel very buoyant.
You fly up into the air.
* * * LOW HITPOINT WARNING * * *
You feel sick.
It was a potion of might.
You feel very mighty all of a sudden.
You die...

#######
##.....#############
#......'............
#......#############
#..@...# #......#
#.###### ## #s# ..
#.# #. #s# #. #.#
#.###.# #.....#


You could see a scorpion.

Vanquished Creatures
  2 iguanas (D:5)
  Ijyb (D:4)
  A worker ant (D:5)
  7 adders
  A gnoll (D:1)
  A white imp (D:4)
  2 oozes (D:1)
  4 worms
  4 dart slugs
  6 leopard geckos
  2 orcs
  A ball python (D:1)
  9 bats
  5 giant cockroaches
  8 goblins
  2 hobgoblins (D:1)
  A jackal (D:4)
  8 kobolds
  3 quokkas
  3 frilled lizards
  A goblin zombie (D:4)
  2 hobgoblin zombies (D:4)
  A jackal skeleton (D:4)
  3 kobold skeletons (D:4)
  3 kobold zombies (D:4)
  An orc zombie (D:4)
  6 rats
88 creatures vanquished.

Notes
Turn   | Place    | Note
-------+----------+-------------------------------------------
     0 | D:1      | Gomac the Spriggan Assassin began the quest for the Orb.
     0 | D:1      | Reached XP level 1. HP: 10/10 MP: 2/2
   131 | D:1      | Reached skill level 6 in Stealth
   178 | D:1      | Reached XP level 2. HP: 14/15 MP: 3/3
   651 | D:1      | Reached skill level 7 in Stealth
   651 | D:1      | Reached XP level 3. HP: 18/18 MP: 4/4
  1776 | D:2      | Reached XP level 4. HP: 15/23 MP: 5/5
  3236 | D:3      | Noticed Timinator's ghost (amateur DrFE)
  3326 | D:3      | Reached XP level 5. HP: 26/26 MP: 6/6
  3592 | D:4      | Noticed Ijyb
  3600 | D:4      | Killed Ijyb
  3637 | D:4      | Found a glowing golden altar of the Shining One.
  4016 | D:4      | Found an opulent altar of Gozag.
  4383 | D:5      | Entered Level 5 of the Dungeon
  4424 | D:5      | Reached skill level 8 in Stealth
  4693 | D:5      | Reached XP level 6. HP: 18/30 MP: 7/7
  4882 | D:5      | Gained mutation: Your spells are a little harder to cast, but a little more powerful. [potion of mutation]
  4882 | D:5      | Gained mutation: You have large cloven feet. [potion of mutation]
  4882 | D:5      | Gained mutation: You have an increased reservoir of magic. (+10% MP) [potion of mutation]
  4882 | D:5      | HP: 1/30 [poisoned by a scorpion]
  4884 | D:5      | Succumbed to a scorpion's poison

Skill      XL: |  1  2  3  4  5 |
---------------+----------------+-----
Stealth        | 6 7 8 |  8.5
Dodging        | 2 3 |  3.8
Short Blades   | 3 4 |  4.1
Fighting       | 2 |  2.1
Throwing       | |  2.2
Shields        | |  0.5

Action                   |  1- 3 |  4- 6 || total
-------------------------+-------+-------++-------
Melee: Dagger            |   131 |   249 ||   380
  Use: Scroll            |     4 |     4 ||     8
       Potion            |     1 |     3 ||     4
 Stab: Sleeping          |     8 |    20 ||    28
       Distracted        |       |     2 ||     2
  Eat: Bread ration      |       |     2 ||     2
Armor: Robe              |    16 |    21 ||    37
Dodge: Dodged            |   103 |   121 ||   224
Block: Buckler           |       |    22 ||    22
